 Dungeon Crawl Stone Soup version 0.29-a0-577-gafbf2c5d25 (webtiles) character file.

Game seed: 5693351174228010526

57 avis the Shooter (level 3, -10/29 HPs)
             Began as a Demigod Hunter on June 14, 2022.
             Mangled by Ijyb
             ... wielding a +7 club
              (11 damage)
             ... on level 3 of the Dungeon.
             The game lasted 00:09:11 (1605 turns).

avis the Shooter (Demigod Hunter)                   Turns: 1605, Time: 00:09:12

Health: -10/29     AC:  3    Str: 12    XL:     3   Next: 50%
Magic:  5/5        EV: 12    Int: 11    God:
Gold:   22         SH:  0    Dex: 21    Spells: 2/2 levels left

rFire   . . .      SeeInvis .   a - +1 shortbow
rCold   . . .      Faith    .   (shield currently unavailable)
rNeg    . . .      Spirit   .   r - +0 leather armour
rPois   .          Reflect  .   (no helmet)
rElec   .          Harm     .   (no cloak)
rCorr   .          Rampage  .   (no gloves)
Will    .....                   (no boots)
Stlth   ++........              (no amulet)
HPRegen 0.09/turn               (no ring)
MPRegen 0.09/turn               (no ring)

@: no status effects
A: high MP 1, forlorn, divine attributes
a: no special abilities


You were on level 3 of the Dungeon.
You visited 1 branch of the dungeon, and saw 3 of its levels.

You collected 121 gold pieces.
You spent 99 gold pieces at shops.

Inventory:

Hand Weapons
 a - a +1 shortbow (weapon)
 b - a +1 dagger of venom
Missiles
 d - 12 poisoned darts
 k - 2 javelins
Armour
 r - a +0 leather armour (worn)
Scrolls
 c - a scroll of immolation
 e - 2 scrolls of identify {unknown}
 f - a scroll of summoning {unknown}
 j - a scroll of blinking {unknown}
 n - a scroll of teleportation {unknown}
Potions
 g - 2 potions of flight {unknown}
 h - a potion of attraction {unknown}
 i - a potion of ambrosia {unknown}
 l - a potion of invisibility {unknown}
 m - a potion of lignification {unknown}
 o - a potion of degeneration
 p - a potion of curing
 q - a potion of heal wounds


   Skills:
 - Level 2.0 Fighting
 * Level 4.9 Bows
 - Level 1.7 Dodging
 - Level 0.8 Stealth


You had 2 spell levels left.
You didn't know any spells.
Your spell library was empty.

Dungeon Overview and Level Annotations

Branches:
Dungeon (3/15)

Shops:
D:3 !

Annotations:
D:3 Ijyb


Innate Abilities, Weirdness & Mutations

You have an increased reservoir of magic. (+10% MP)
You shall have no god before yourself.
Your divine heritage dramatically boosts your attributes as you level up.


Message History

Aim: a goblin, wielding a +0 club (60% to hit)
You shoot an arrow. The arrow misses the goblin.
Ijyb the Twisted Goblin comes into view.
She is wielding a +7 club and carrying a wand of iceblast (10).
Shoot: a) +1 shortbow
Press: ? - help, Q - select action, (/) - cycle Shift-Dir - straight line, f - Ijyb, p - goblin
Aim: Ijyb, wielding a +7 club, wearing a +0 ring mail and carrying a wand of iceblast (10) (63% to hit)
You shoot an arrow. The arrow hits Ijyb but does no damage.
The goblin hits you but does no damage. Ijyb hits you with a +7 club!
Your +1 dagger of venom begins to drip with poison!
b - a +1 dagger of venom (weapon)
The goblin hits you with a +0 club. Ijyb hits you with a +7 club.
You hit Ijyb but do no damage.
Ijyb is poisoned.
The goblin hits you with a +0 club. Ijyb barely misses you.
The goblin attacks as you move away! The goblin barely misses you.
The goblin attacks as you move away! The goblin hits you but does no damage.
The goblin attacks as you move away! The goblin hits you but does no damage.
You open the door. The goblin barely misses you.
There is an open door here.
Your +1 dagger of venom stops dripping with poison.
a - a +1 shortbow (weapon)
Shoot: a) +1 shortbow
Press: ? - help, Q - select action, (/) - cycle Shift-Dir - straight line, f/p - Ijyb
Aim: Ijyb, wielding a +7 club, wearing a +0 ring mail and carrying a wand of iceblast (10) (heavily wounded, poisoned, 63% to hit)
You shoot an arrow. The arrow barely misses the goblin.
The arrow closely misses Ijyb.
The goblin hits you with a +0 club.
Shoot: a) +1 shortbow
Press: ? - help, Q - select action, (/) - cycle Shift-Dir - straight line, f/p - Ijyb
Aim: Ijyb, wielding a +7 club, wearing a +0 ring mail and carrying a wand of iceblast (10) (severely wounded, poisoned, 63% to hit)
You shoot an arrow. The arrow hits Ijyb.
Ijyb is almost dead.
Ijyb hits you with a +7 club!
* * * LOW HITPOINT WARNING * * *
Shoot: a) +1 shortbow
Press: ? - help, Q - select action, (/) - cycle Shift-Dir - straight line, f/p - Ijyb
Aim: Ijyb, wielding a +7 club, wearing a +0 ring mail and carrying a wand of iceblast (10) (almost dead, poisoned, 63% to hit)
You shoot an arrow. The arrow closely misses Ijyb.
The arrow hits the goblin.
You kill the goblin!
Ijyb hits you with a +7 club!
You die...

#≈≈≈≈...≈≈≈≈#
#≈≈≈##'''##≈≈≈≈
#≈≈≈#.....# ≈≈≈
#.. #..†..# ..
#. #.....# .
##+##.....#
#...#.....#
#...#.....#
#.@.#.....#
##g##))...##+#
#.).....)....#
#............#
#...##########
#...#
#...)......
#...'......
###########


You could see Ijyb (poisoned).

Vanquished Creatures
  3 worms (D:2)
  2 dart slugs
  4 bats
  2 endoplasms
  2 giant cockroaches
  9 goblins
  3 hobgoblins
  4 jackals
  2 quokkas
  6 ball pythons
  A frilled lizard (D:1)
  2 kobolds
  A rat (D:1)
41 creatures vanquished.

Vanquished Creatures (others)
  2 fungi (D:1)
  2 plants (D:1)
4 creatures vanquished.

Grand Total: 45 creatures vanquished

Notes
Turn   | Place    | Note
-------+----------+-------------------------------------------
     0 | D:1      | avis the Demigod Hunter began the quest for the Orb.
     0 | D:1      | Reached XP level 1. HP: 17/17 MP: 3/3
   101 | D:1      | Reached skill level 4 in Bows
   193 | D:1      | Reached XP level 2. HP: 24/24 MP: 4/4
   950 | D:2      | Reached XP level 3. HP: 29/29 MP: 5/5
  1399 | D:3      | Found Vakavo Ugeu's Distillery.
  1407 | D:3      | Bought a potion of degeneration for 11 gold pieces
  1407 | D:3      | Bought a potion of curing for 33 gold pieces
  1407 | D:3      | Bought a potion of heal wounds for 55 gold pieces
  1592 | D:3      | Noticed Ijyb
  1604 | D:3      | HP: 1/29 [Ijyb/+7 club (13)]
  1605 | D:3      | Mangled by Ijyb

Illustrated notes

Levels and vault maps discovered:
D:1:      dpeg_arrival_another_circle, layout_loops_ring,
          shapermc_ecumenical_altar_acropolis
D:2:      layout_rooms, minivault_26
D:3:      kennysheep_goblin_castle, layout_rooms, grunt_gozag_statues,
          serial_shops, nicolae_shop_hallway_stairs, nicolae_diamond_shop,
          interstate_on_off, wander_ebering_terrifying_dragon_lair,
          uniq_sigmund, uniq_jessica, uniq_robin, uniq_grinder

Skill      XL: |  1  2 |
---------------+-------+-----
Bows           | 4 |  4.9
Fighting       | 2 |  2.0
Dodging        | |  1.7
Stealth        | |  0.8

Action                   || total
-------------------------++-------
Melee: Dagger            ||     1
 Fire: Shortbow          ||   102
Armor: Leather armour    ||    13
Dodge: Dodged            ||    24

Table legend: (Time is in decaauts)
 A = Elapsed time spent in this place.
 B = Non-inter-level travel time spent in this place.
 C = Inter-level travel time spent in this place.
 D = Time resting spent in this place.
 E = Time spent auto-exploring this place.
 F = Levels seen in this place.
 G = Mean time per level.
                   A        B        C        D        E       F      G
               +--------+--------+--------+--------+--------+-----+--------+
         Total |   1638 |   1477 |    161 |    220 |    893 |   3 |  546.0 |
       Dungeon |   1638 |   1477 |    161 |    220 |    893 |   3 |  546.0 |
               +--------+--------+--------+--------+--------+-----+--------+

Top non-repeatable levels by time:
     D:1: 821 daAuts
     D:2: 705 daAuts
     D:3: 111 daAuts
